 Dungeon Crawl Stone Soup version 0.23-a0-494-g91793a9 (webtiles) character file.

1049 MalarOregon the Poker (level 8, -4/60 HPs)
             Began as a Merfolk Venom Mage on Dec 4, 2018.
             Was a Believer of Uskayaw.
             Slain by Pikel
             ... wielding a +2 whip of flaming
              (8 damage)
             ... on level 6 of the Dungeon.
             The game lasted 00:14:25 (6222 turns).

MalarOregon the Poker (Merfolk Venom Mage)          Turns: 6222, Time: 00:14:25

Health: -4/60      AC:  5    Str:  8    XL:     8   Next: 25%
Magic:  3/13       EV: 19    Int: 16    God:    Uskayaw [**....]
Gold:   244        SH:  0    Dex: 19    Spells: 9/14 levels left

rFire    . . .     SeeInvis .   r - +0 trident
rCold    . . .     Gourm    .   (no shield)
rNeg     . . .     Faith    .   a - +0 robe
rPois    .         Spirit   .   (no helmet)
rElec    .         Reflect  .   o - +1 cloak
rCorr    .         Harm     .   d - +0 pair of gloves
MR       .....                  (no boots)
Stlth    ++........             i - amulet of rage
HPRegen  0.20/turn              k - +3 ring of evasion
MPRegen  0.13/turn              t - +4 ring of dexterity

@: very slightly contaminated
A: change form in water, swift swim, stealthy swim
a: Stomp, Line Pass, Renounce Religion, Evoke Berserk Rage


You were on level 6 of the Dungeon.
You worshipped Uskayaw.
Uskayaw was noncommittal.
You were not hungry.

You visited 2 branches of the dungeon, and saw 7 of its levels.
You also visited: Sewer.

You collected 244 gold pieces.

Inventory:

Hand Weapons
 r - a +0 trident (weapon)
   (You took it off an orc on level 4 of the Dungeon)
Armour
 a - a +0 robe (worn)
 d - a +0 pair of gloves (worn)
   (You found it on level 5 of the Dungeon)
 o - a +1 cloak (worn)
   (You took it off Crazy Yiuf on level 2 of the Dungeon)
Jewellery
 i - an amulet of rage (around neck)
   (You found it on level 1 of the Dungeon)
 k - a +3 ring of evasion (left hand)
   (You found it on level 2 of the Dungeon)
 n - an uncursed ring of positive energy
   (You found it on level 3 of the Dungeon)
 t - a +4 ring of dexterity (right hand)
   (You found it on level 4 of the Dungeon)
Wands
 u - a wand of paralysis (6)
   (You took it off an orc on level 4 of the Dungeon)
Scrolls
 b - 2 scrolls of blinking
 f - 8 scrolls of remove curse {@r2}
 h - a scroll of teleportation {@r4}
 v - a scroll of fog
 x - a scroll of identify {@r1}
Potions
 c - 3 potions of flight
 g - 4 potions of curing {@q1}
 l - a potion of lignification {!q}
 m - a potion of haste {@q3}
 p - a potion of degeneration {unknown}
 q - 3 potions of agility
 s - a potion of berserk rage {unknown}
 z - a potion of mutation {unknown}
Comestibles
 e - 9 rations {!d}


   Skills:
 + Level 3.9 Fighting
 * Level 6.9 Polearms
 + Level 5.4 Dodging
 - Level 2.1 Stealth
 + Level 3.7 Spellcasting
 - Level 2.0 Conjurations
 * Level 5.4 Poison Magic


You had 9 spell levels left.
You knew the following spells:

 Your Spells              Type           Power        Failure   Level  Hunger
a - Sting                 Conj/Pois      ###.         3%          1    None
y - Olgreb's Toxic Radia  Pois           ###.....     19%         4    ####...

Your spell library contained the following spells:

 Spells                   Type           Power        Failure   Level  Hunger
 Poisonous Vapours        Pois/Air       ##....       9%          2    ##.....
 Mephitic Cloud           Conj/Pois/Air  ##......     19%         3    ###....
 Venom Bolt               Conj/Pois      ###.......   71%         5    ######.


Dungeon Overview and Level Annotations

Branches:
Dungeon (6/15)             Temple (1/1) D:4

Altars:
Ashenzari
Cheibriados
Dithmenos
Elyvilon
Fedhas
Gozag
Hepliaklqana
Kikubaaqudgha
Makhleb
Nemelex Xobeh
Okawaru
Qazlal
Ru
Sif Muna
Trog
Uskayaw
Vehumet
Xom
Yredelemnul
Zin
The Shining One

Annotations:
D:6 Pikel


Message History

You eat one of the 10 rations {!d}.
That ration really hit the spot!
Pikel looks even sicker.
The slave looks as sick as possible! x3
The slave hits you.
You can now pass through a line of other dancers.
You hit Pikel.
The slave looks as sick as possible!
Your toxic aura wanes.
The slave misses you. Pikel hits you but does no damage.
You closely miss Pikel. The slave completely misses you.
Pikel completely misses you.
You hit Pikel but do no damage. The slave hits you.
Pikel hits you with a +2 whip of flaming.
Pikel burns you.
You hit Pikel but do no damage.
You kill the slave!
That felt strangely unrewarding.
You kill the slave!
That felt strangely unrewarding.
Pikel hits you with a +2 whip of flaming.
* * * LOW HITPOINT WARNING * * *
Pikel burns you.
* * * LOW HITPOINT WARNING * * *
You hit Pikel.
Pikel hits you with a +2 whip of flaming.
* * * LOW HITPOINT WARNING * * *
Pikel burns you.
* * * LOW HITPOINT WARNING * * *
You barely miss Pikel.
Pikel hits you with a +2 whip of flaming.
* * * LOW HITPOINT WARNING * * *
Pikel burns you.
* * * LOW HITPOINT WARNING * * *
Unknown command.
You closely miss Pikel.
Pikel hits you with a +2 whip of flaming.
* * * LOW HITPOINT WARNING * * *
Pikel burns you.
* * * LOW HITPOINT WARNING * * *
Unknown command.
You hit Pikel but do no damage.
Unknown command.
You hit Pikel but do no damage.
Pikel hits you with a +2 whip of flaming.
* * * LOW HITPOINT WARNING * * *
Pikel burns you.
* * * LOW HITPOINT WARNING * * *
You closely miss Pikel.
You kill the slave!
That felt strangely unrewarding.
Pikel hits you with a +2 whip of flaming!
You die...

#...'........#
.[.....#........#
.......#........#
..##+###....##+##
# #.........#
#.........#
#.........#
#.........#
#....@#####
#....[Kp..+
#.....#[<.#
#.....#..##
#.....# .#
#.....+ .#
+.....# # #.....#


You could see Pikel and a slave.

Vanquished Creatures
  Sigmund (D:4)
  An orc warrior (D:4)
  An ice beast (D:5)
  3 slaves (D:6)
  An ogre (D:5)
  A big kobold (Sewer)
  2 bullfrogs (D:4)
  A bullfrog zombie (D:6)
  A centaur zombie (D:5)
  A hound (D:4)
  Crazy Yiuf (D:2)
  A worker ant (D:5)
  2 orc wizards (D:4)
  6 adders
  2 river rats (Sewer)
  An ooze (D:1)
  An adder skeleton (D:4)
  5 worms
  3 dart slugs
  5 leopard geckos
  21 orcs
  3 ball pythons
  3 bats
  3 giant cockroaches
  7 hobgoblins
  8 jackals
  15 kobolds
  11 frilled lizards
  6 goblins
  10 rats
127 creatures vanquished.

Notes
Turn   | Place    | Note
-------+----------+-------------------------------------------
     0 | D:1      | MalarOregon the Merfolk Venom Mage began the quest for the
                  | Orb.
     0 | D:1      | Reached XP level 1. HP: 13/13 MP: 3/3
   388 | D:1      | Reached skill level 1 in Conjurations
   388 | D:1      | Reached XP level 2. HP: 20/20 MP: 1/5
   621 | D:1      | Reached skill level 1 in Fighting
   682 | D:1      | Reached XP level 3. HP: 26/26 MP: 4/6
  1503 | D:1      | Reached skill level 1 in Polearms
  1794 | D:2      | Reached XP level 4. HP: 23/32 MP: 3/7
  2139 | D:2      | Learned a level 4 spell: Olgreb's Toxic Radiance
  2290 | D:2      | Found a runed door.
  2343 | D:2      | Reached skill level 2 in Polearms
  2391 | D:2      | Noticed Crazy Yiuf
  2411 | D:2      | Killed Crazy Yiuf
  2729 | D:3      | Reached XP level 5. HP: 38/38 MP: 5/8
  2928 | D:3      | Found a glowing drain.
  2947 | Sewer    | Entered a sewer
  2966 | Sewer    | Reached skill level 3 in Polearms
  3281 | Sewer    | Noticed a big kobold
  3330 | Sewer    | Killed a big kobold
  3330 | Sewer    | Reached XP level 6. HP: 33/44 MP: 1/10
  3344 | Sewer    | Found a white marble altar of Elyvilon.
  4007 | D:4      | Found a staircase to the Ecumenical Temple.
  4026 | Temple   | Entered the Ecumenical Temple
  4323 | Temple   | Became a worshipper of Uskayaw the Reveler
  4357 | D:4      | Reached * piety under Uskayaw
  4363 | D:4      | Reached ** piety under Uskayaw
  4381 | D:4      | Reached skill level 4 in Polearms
  4381 | D:4      | Reached *** piety under Uskayaw
  4414 | D:4      | Noticed an orc warrior
  4417 | D:4      | Noticed Sigmund
  4433 | D:4      | Killed an orc warrior
  4445 | D:4      | Killed Sigmund
  4445 | D:4      | Reached skill level 5 in Polearms
  4445 | D:4      | Reached skill level 5 in Poison Magic
  4445 | D:4      | Reached XP level 7. HP: 17/52 MP: 1/11
  5184 | D:4      | Got a pitted falchion
  5456 | D:5      | Entered Level 5 of the Dungeon
  5476 | D:5      | Reached skill level 6 in Polearms
  5476 | D:5      | Reached skill level 5 in Dodging
  5503 | D:5      | Identified the +6 falchion of the Grave {slice, Stlth+}
                  | (You found it on level 4 of the Dungeon)
  5590 | D:5      | Reached XP level 8. HP: 23/60 MP: 7/13
  6206 | D:6      | Noticed Pikel
  6222 | D:6      | Slain by Pikel

Vault maps used:
D:1:      wander_arrival_desolate
D:2:      first_ration, kennysheep_cross_room, minmay_pentomino_u2,
          uniq_crazy_yiuf_cottage
D:3:      cheibrodos_sewer_entry_bend
D:4:      minmay_temple_entry_ruins, minmay_goblin_kobold_house, uniq_sigmund
D:6:      kennysheep_mini, serial_shops, nicolae_shop_trees, uniq_pikel
Temple:   roderic_octagonal_lattice_temple
Sewer:    sewer_kobolds

Skill      XL: |  1  2  3  4  5  6  7 |
---------------+----------------------+-----
Conjurations   | 1 2 |  2.0
Dodging        | 3 4 5 |  5.4
Fighting       | 1 2 3 |  3.9
Polearms       | 1 2 3 5 6 |  6.9
Poison Magic   | 4 5 |  5.4
Spellcasting   | 3 |  3.7
Stealth        | |  2.1

Action                   |  1- 3 |  4- 6 |  7- 9 || total
-------------------------+-------+-------+-------++-------
Melee: Dagger            |    30 |       |       ||    30
       Spear             |    47 |   190 |    96 ||   333
       Falchion          |       |       |     7 ||     7
       Trident           |       |       |    28 ||    28
 Cast: Sting             |    53 |    82 |     4 ||   139
       Olgreb's Toxic Ra |       |     2 |    12 ||    14
  Use: Scroll            |       |     6 |     5 ||    11
       Potion            |       |     1 |       ||     1
 Stab: Sleeping          |     2 |     5 |     5 ||    12
       Distracted        |       |     1 |       ||     1
  Eat: Chunk             |     4 |     9 |     7 ||    20
       Ration            |       |       |     1 ||     1
Armor: Robe              |    15 |    15 |    12 ||    42
       Skin              |       |    15 |       ||    15
Dodge: Dodged            |    95 |   123 |    84 ||   302
       Rpst.: Falchion   |       |       |     2 ||     2

Table legend:
 A = Non-vault XP
 B = Vault XP
 C = Vault XP percentage of total XP
 D = Non-vault monster count
 E = Vault monster count
 F = Vault count percentage of total count
                 A         B        C        D         E       F
            +---------+---------+-------+---------+---------+-------
      Total |    1067 |     432 |  28.8 |     102 |      22 |  17.7
            +---------+---------+-------+---------+---------+-------
        D:1 |      61 |       0 |   0.0 |      27 |       0 |   0.0
        D:2 |      33 |      59 |  64.1 |      13 |       3 |  18.8
        D:3 |      72 |       5 |   6.5 |      24 |       1 |   4.0
        D:4 |     506 |     229 |  31.2 |      27 |       6 |  18.2
        D:5 |     350 |       0 |   0.0 |      10 |       0 |   0.0
        D:6 |      45 |       0 |   0.0 |       1 |       0 |   0.0
      Sewer |       0 |     139 | 100.0 |       0 |      12 | 100.0
            +---------+---------+-------+---------+---------+-------
